 Dungeon Crawl Stone Soup version 0.27.1-34-g3ba077fa99 (webtiles) character file.

Game seed: 1787079810937130808

7401 KamiKatze the Cleaver (level 10, -4/88 HPs)
             Began as a Palentonga Berserker on Jan 16, 2022.
             Was an Elder of Trog.
             Slain by a yak (10 damage)
             ... on level 9 of the Dungeon on Jan 18, 2022.
             The game lasted 00:55:23 (9975 turns).

KamiKatze the Cleaver (Palentonga Berserker)        Turns: 9975, Time: 00:55:23

Health: -4/88      AC: 16    Str: 23    XL:     10   Next: 92%
Magic:  10/10      EV:  9    Int:  8    God:    Trog [****..]
Gold:   335        SH:  5    Dex: 10    Spells: 9/9 levels left

rFire    . . .     SeeInvis +   a - +0 war axe
rCold    . . .     Faith    .   l - +0 buckler
rNeg     . . .     Spirit   .   g - +0 acid dragon scales
rPois    .         Reflect  .   (no helmet)
rElec    .         Harm     .   n - +1 cloak
rCorr    +         Rampage  .   H - +0 pair of gloves
Will     ++...                  (no barding)
Stlth    +.........             (no amulet)
HPRegen  1.24/turn              x - ring of flight
MPRegen  0.12/turn              (no ring)

@: strong-willed, flying, regenerating, curled up
A: large, rugged brown scales 3, see invisible, deformed body, roll 1, armoured
tail, reflexive curl
a: Rolling Charge, Renounce Religion, Berserk, Trog's Hand, Brothers in Arms


You were on level 9 of the Dungeon.
You worshipped Trog.
Trog was greatly pleased with you.
You visited 2 branches of the dungeon, and saw 10 of its levels.
You also visited: Ossuary.

You collected 413 gold pieces.
You spent 78 gold pieces at shops.

Inventory:

Hand Weapons
 a - a +0 war axe (weapon)
 b - a +0 hand axe
 F - a +0 battleaxe
 I - a +0 trident
Missiles
 j - 81 stones (quivered)
 K - 18 poisoned darts
 L - 8 curare-tipped darts
Armour
 g - +0 acid dragon scales (worn)
 l - a +0 buckler (worn)
 m - a +0 tower shield
 n - a +1 cloak (worn)
 p - a +0 chain mail
 B - a +0 scale mail
 D - +0 ice dragon scales
 G - a +0 plate armour
 H - a +0 pair of gloves (worn)
Jewellery
 x - a ring of flight (left hand)
Wands
 z - a wand of iceblast (14)
Scrolls
 d - 4 scrolls of enchant armour
 q - a scroll of fear
 r - a scroll of fog
 s - a scroll of enchant weapon {unknown}
 t - a scroll of vulnerability {unknown}
 u - 3 scrolls of teleportation
 w - a scroll of brand weapon {unknown}
 y - 2 scrolls of blinking {unknown}
 A - a scroll of torment {unknown}
 C - a scroll of summoning {unknown}
 E - a scroll of noise {unknown}
Potions
 c - 7 potions of lignification
 e - 3 potions of haste
 f - a potion of resistance
 h - 2 potions of attraction
 i - a potion of invisibility {unknown}
 k - 6 potions of heal wounds
 o - a potion of mutation
 v - 5 potions of curing
 J - a potion of cancellation {unknown}


   Skills:
 + Level 9.2 Fighting
 * Level 12.3 Axes
 - Level 1.6 Armour
 - Level 1.6 Dodging
 + Level 6.3 Shields


You had 9 spell levels left.
You didn't know any spells.
Your spell library was empty.

Dungeon Overview and Level Annotations

Branches:
Dungeon (9/15)             Temple (1/1) D:7            Lair (0/6) D:8
Ossuary (visited)
    Orc: D:9-12

Altars:
Ashenzari
Cheibriados
Dithmenos
Elyvilon
Fedhas
Gozag
Hepliaklqana
Kikubaaqudgha
Makhleb
Nemelex Xobeh
Okawaru
Qazlal
Ru
Sif Muna
Trog
Uskayaw
Vehumet
Wu Jian
Xom
Yredelemnul
Zin
The Shining One

Shops:
D:4 [*   D:5 (   D:9 !


Innate Abilities, Weirdness & Mutations

You are completely covered in rugged brown scales. (AC +3, +7% HP)
You have supernaturally acute eyesight. (SInv)
Armour fits poorly on your strangely shaped body.
You can roll at nearby foes to attack.
You have a long armoured tail.
You curl defensively after being hit.


Message History

The wyvern zombie bites you but does no damage.
You closely miss the yak. You tail-slap the yak.
The yak is moderately wounded.
You slash the wyvern zombie!
The wyvern zombie completely misses you.
The yak barely misses you.
You barely miss the yak.
The yak is moderately wounded.
You slash the wyvern zombie! The wyvern zombie closely misses you.
You block the yak's attack.
You hit the yak.
The yak is moderately wounded.
You barely miss the wyvern zombie. You block the wyvern zombie's attack.
You slash the wyvern zombie! You tail-slap the wyvern zombie!
The wyvern zombie is almost destroyed.
You hit the yak but do no damage. The yak gores you!
* * * LOW HITPOINT WARNING * * *
The wyvern zombie bites you.
* * * LOW HITPOINT WARNING * * *
You hit the wyvern zombie but do no damage.
The wyvern zombie is almost destroyed.
You hit the yak but do no damage. The wyvern zombie closely misses you.
You block the yak's attack.
You hit the wyvern zombie.
The wyvern zombie is almost destroyed.
You slash the yak! You block the wyvern zombie's attack. The yak gores you!
* * * LOW HITPOINT WARNING * * *
The wyvern zombie closely misses you.
You slash the wyvern zombie!
You destroy the wyvern zombie!
Trog accepts your kill.
You slash the yak! The yak gores you but does no damage.
You completely miss the yak.
The yak is severely wounded.
The yak gores you!
* * * LOW HITPOINT WARNING * * *
You hit the yak but do no damage. You tail-slap the yak.
The yak is almost dead.
The yak gores you!
You die...

#####+## ###......##
#......####.'......'.
#......##..)#......##
#......#..###......#
#......#.## #......#
#......'.# #####+##
#......### ###'####
#.@†### ###Y..#
########'##
#.........#
#.........'.#
#.........###
#.........#
#....>....#
#.........#


You could see a yak.

Vanquished Creatures
  2 two-headed ogres
  Pikel (D:8)
  Prince Ribbit (D:8)
  A troll (D:7)
  Sigmund (D:2)
  5 yaks (D:9)
  4 wyverns
  A basilisk (D:8)
  An acid dragon (D:6)
  3 water moccasins
  5 black bears
  An orc warrior (D:8)
  An ogre (D:5)
  A wolf (D:8)
  3 necrophages
  2 sky beasts
  3 centaurs
  A phantom (D:6)
  A kobold brigand (D:9)
  3 lemures (D:8)
  A bullfrog (D:9)
  2 wyvern zombies
  2 scorpions
  5 water moccasin zombies
  A howler monkey (D:5)
  A bullfrog zombie (D:5)
  3 centaur zombies
  A jelly (D:2)
  3 centaur skeletons
  3 hounds
  Crazy Yiuf (D:2)
  A bullfrog skeleton (D:4)
  2 orc priests
  A gnoll shaman (D:5)
  Natasha (thrice) (D:3 D:2)
  2 iguanas (D:5)
  7 orc wizards
  A killer bee zombie (D:8)
  2 mummies (Ossuary)
  7 gnolls
  5 adders
  An ufetubus (D:5)
  5 adder zombies (Ossuary)
  2 worms
  7 dart slugs
  18 orcs
  6 endoplasms
  2 giant cockroaches
  2 gnoll zombies (Ossuary)
  3 hobgoblins
  7 jackals (D:2)
  15 kobolds
  3 quokkas
  6 ball pythons
  3 bats
  3 frilled lizards
  10 goblins
  9 hobgoblin zombies (Ossuary)
  3 kobold zombies (Ossuary)
  An orc zombie (Ossuary)
  7 rats
  A spectral orc (D:3)
209 creatures vanquished.

Vanquished Creatures (others)
  3 fungi (D:8)
  23 plants (D:8)
26 creatures vanquished.

Grand Total: 235 creatures vanquished

Notes
Turn   | Place    | Note
-------+----------+-------------------------------------------
     0 | D:1      | KamiKatze the Palentonga Berserker began the quest for the
                  | Orb.
     0 | D:1      | Reached XP level 1. HP: 19/19 MP: 1/1
    67 | D:1      | Reached XP level 2. HP: 11/25 MP: 2/2
  1063 | D:1      | Reached XP level 3. HP: 17/31 MP: 3/3
  1253 | D:1      | Reached skill level 4 in Axes
  1668 | D:2      | Reached XP level 4. HP: 36/39 MP: 4/4
  1768 | D:2      | Reached ** piety under Trog
  2202 | D:2      | Noticed Sigmund
  2211 | D:2      | Killed Sigmund
  2212 | D:2      | Reached skill level 5 in Axes
  2212 | D:2      | Reached XP level 5. HP: 46/46 MP: 5/5
  2212 | D:2      | Reached XP level 6. HP: 52/52 MP: 6/6
  2284 | D:2      | Found a runed translucent door.
  2291 | D:2      | Noticed Crazy Yiuf
  2301 | D:2      | Killed Crazy Yiuf
  2302 | D:2      | Reached skill level 6 in Axes
  2622 | D:3      | Found a faded altar of an unknown god.
  2767 | D:3      | Noticed Natasha
  2774 | D:3      | Killed Natasha
  2788 | D:3      | Found a snail-covered altar of Cheibriados.
  2935 | D:3      | Noticed Natasha
  2952 | D:2      | Killed Natasha
  3023 | D:2      | Noticed Natasha
  3032 | D:2      | Killed Natasha
  3505 | D:3      | Found a basalt altar of Yredelemnul.
  3544 | D:4      | Found a bloodstained altar of Trog.
  3569 | D:4      | Found a sand-covered staircase.
  3574 | Ossuary  | Entered an ossuary
  3615 | Ossuary  | Reached skill level 5 in Fighting
  3615 | Ossuary  | Reached skill level 1 in Shields
  3615 | Ossuary  | Gained mutation: You curl defensively after being hit.
                  | [Palentonga growth]
  3615 | Ossuary  | Reached XP level 7. HP: 55/59 MP: 7/7
  3738 | Ossuary  | Reached *** piety under Trog
  3888 | Ossuary  | Reached skill level 7 in Axes
  4234 | D:4      | Found Ganwuimo's Assorted Antiques.
  4243 | D:4      | Bought a viscous purple potion for 24 gold pieces
  4243 | D:4      | Bought a scroll labelled DUYXZURAPS for 27 gold pieces
  4244 | D:4      | Bought a scroll labelled POYSINY BASE for 27 gold pieces
  4308 | D:4      | Found a glowing silver altar of Zin.
  4548 | D:4      | Reached XP level 8. HP: 64/68 MP: 8/8
  4585 | D:4      | Found Liewirgh's Antique Armour Boutique.
  4712 | D:5      | Entered Level 5 of the Dungeon
  4880 | D:5      | Reached skill level 8 in Axes
  5009 | D:5      | Reached **** piety under Trog
  5220 | D:5      | Found Leykevve's Antique Weapon Shoppe.
  5285 | D:5      | Found a sparkling altar of Nemelex Xobeh.
  6146 | D:6      | Reached skill level 9 in Axes
  6352 | D:6      | Found a sacrificial altar of Ru.
  6385 | D:6      | Noticed a two-headed ogre
  6393 | D:6      | HP: 2/103 [two-headed ogre (15)]
  6397 | D:6      | Killed a two-headed ogre
  6398 | D:6      | Reached XP level 9. HP: 3/77 MP: 9/9
  6822 | D:6      | Reached skill level 10 in Axes
  7003 | D:6      | Found a shadowy altar of Dithmenos.
  7156 | D:7      | Found a staircase to the Ecumenical Temple.
  7168 | Temple   | Entered the Ecumenical Temple
  7341 | D:7      | Found a shimmering altar of Xom.
  7344 | D:7      | Found a glowing golden altar of the Shining One.
  7344 | D:7      | Found a sacrificial altar of Ru.
  7424 | D:7      | Found a shimmering blue altar of Sif Muna.
  7424 | D:7      | Found a sparkling altar of Nemelex Xobeh.
  7424 | D:7      | Found an iron altar of Okawaru.
  7475 | D:7      | Found a broken altar of Ashenzari.
  7508 | D:7      | Found a blossoming altar of Fedhas.
  7539 | D:7      | Noticed a troll
  7553 | D:7      | Killed a troll
  7616 | D:7      | Noticed a two-headed ogre
  7624 | D:7      | Killed a two-headed ogre
  7625 | D:7      | Reached skill level 5 in Shields
  8103 | D:8      | Reached XP level 10. HP: 85/85 MP: 10/10
  8108 | D:8      | Reached skill level 11 in Axes
  8317 | D:8      | Noticed Prince Ribbit
  8388 | D:8      | Found a staircase to the Lair.
  9086 | D:8      | Noticed Pikel
  9141 | D:8      | Killed Pikel
  9539 | D:8      | Killed Prince Ribbit
  9716 | D:9      | Reached skill level 12 in Axes
  9746 | D:9      | Found Hatiuhoi's Distillery.
  9974 | D:9      | HP: 4/88 [yak (14)]
  9975 | D:9      | Slain by a yak

Illustrated notes

Levels and vault maps discovered:
D:1:      minmay_arrival_jagged, layout_rooms, minmay_pentomino_p2
D:2:      layout_basic, interstate_on_off, uniq_sigmund, uniq_crazy_yiuf_cottage
D:3:      layout_basic, yredelemnul_forgotten_temple_becter,
          mainiacjoe_overflow_alcove_2, basic_ecumenical_altar, uniq_natasha
D:4:      cheibrodos_helix_gallery, layout_rooms, trog_ov_bears_minmay,
          nicolae_overflow_crystal_walls, serial_shops,
          nicolae_shop_temple_entry_statues_fountains, nicolae_stop_n_shop_1,
          enter_ossuary_3
D:5:      layout_basic, mainiacjoe_overflow_surrounded_room, serial_shops,
          nicolae_shop_crystal, kennysheep_generic_room_3
D:6:      layout_gridville, marbit_many_paths,
          grunt_dithmenos_smoke_and_mirrors, st_stairs_7
D:7:      layout_rooms, nicolae_ashenzari_panopticon, fedhas_altar_3,
          doesnt_xom_only_xom, minmay_temple_entry_tees, minmay_three_doors
D:8:      layout_loops_ring, minmay_lair_entry_grove, uniq_prince_ribbit1,
          uniq_pikel
D:9:      layout_roguey, kennysheep_orc_monster_closet_entryway, serial_shops,
          nicolae_diamond_shop, enter_bailey_7, minmay_unpleasant_kobolds
Temple:   nicolae_temple_x_marks_the_god

Skill      XL: |  1  2  3  4  5  6  7  8  9 10 |
---------------+-------------------------------+-----
Axes           | 4 5 6 7 9 10 12 | 12.3
Fighting       | 4 5 7 8 9 |  9.2
Shields        | 1 2 4 5 6 |  6.3
Armour         | |  1.6
Dodging        | |  1.6

Action                   |  1- 3 |  4- 6 |  7- 9 | 10-12 || total
-------------------------+-------+-------+-------+-------++-------
Melee: Hand axe          |    97 |   155 |   391 |    51 ||   694
       Tailslap          |     6 |    14 |    58 |    37 ||   115
       War axe           |       |       |       |   195 ||   195
Throw: Stone             |     4 |       |       |     2 ||     6
Invok: Berserk           |     2 |     6 |     8 |     1 ||    17
       Trog's Hand       |       |       |     2 |     6 ||     8
Evoke: Wand              |       |       |       |     2 ||     2
  Use: Scroll            |       |     3 |    14 |       ||    17
       Potion            |       |       |     1 |     1 ||     2
 Stab: Sleeping          |       |     1 |       |       ||     1
       Distracted        |       |       |       |     1 ||     1
Armor: Animal skin       |    33 |    10 |       |       ||    43
       Leather armour    |       |    16 |       |       ||    16
       Ring mail         |       |     7 |   117 |       ||   124
       Acid dragon scale |       |       |    12 |    82 ||    94
Dodge: Dodged            |    43 |    52 |   133 |    89 ||   317
Block: Buckler           |       |       |    45 |    44 ||    89
